 Dungeon Crawl Stone Soup version 0.21.1-1-g345015f (webtiles) character file.

33 inc the Scratcher (level 3, 15/15 HPs)
             Began as a Felid Transmuter on Feb 24, 2018.
             Quit the game on level 3 of the Dungeon.
             The game lasted 00:05:26 (2583 turns).

inc the Scratcher (Felid Transmuter)                Turns: 2583, Time: 00:05:27

Health: 15/15      AC:  1    Str:  6    XL:     3   Next: 12%
Magic:  7/7        EV: 18    Int: 15    God:
Gold:   116        SH:  0    Dex: 16    Spells: 3/6 levels left
                                        Lives:  0   Deaths: 1

rFire    . . .     SeeInvis +     - Unarmed
rCold    . . .     Gourm    .   (shield unavailable)
rNeg     . . .     Faith    .   (armour unavailable)
rPois    .         Spirit   .   (helmet unavailable)
rElec    .         Reflect  .   (cloak unavailable)
rCorr    .         Harm     .   (gloves unavailable)
MR       .....                  (boots unavailable)
Stlth    ++........             (no amulet)
HPRegen  0.05/turn              (no ring)
MPRegen  0.10/turn              (no ring)

@: quick
A: very small, no armour, no weapons or thrown items, stealth, claws 1, fangs 3,
see invisible, carnivore, speed 1, shaggy fur 1, slow metabolism 1, sharp paws
a: no special abilities


You were on level 3 of the Dungeon.
You were not hungry.

You visited 1 branch of the dungeon, and saw 3 of its levels.

You collected 116 gold pieces.

Inventory:

Missiles
 a - 19 arrows
Scrolls
 e - 2 scrolls of identify {unknown}
 l - 3 scrolls of teleportation {unknown}
 m - a scroll of amnesia {unknown}
 n - a scroll of fog {unknown}
 o - a scroll of noise {unknown}
Potions
 d - a potion of might
 f - a potion of curing {unknown}
 g - 2 potions of cancellation {unknown}
 h - a potion of agility {unknown}
 i - a potion of ambrosia {unknown}
 j - a potion of haste {unknown}
 k - a potion of flight
Books
 b - a book of Changes

   Spells                             Type                      Level
   a - Beastly Appendage              Transmutation                1
   b - Sticks to Snakes               Transmutation                2
   c - Spider Form                    Transmutation/Poison         3
   d - Ice Form                       Ice/Transmutation            4
   e - Blade Hands                    Transmutation                5
Comestibles
 c - 4 rations


   Skills:
 - Level 1.0 Fighting
 - Level 2.6 Dodging
 + Level 5.0 Unarmed Combat
 - Level 2.0 Spellcasting
 - Level 2.1 Transmutations


You had 3 spell levels left.
You knew the following spells:

 Your Spells              Type           Power        Failure   Level  Hunger
a - Beastly Appendage     Tmut           #.....       9%          1    #......
b - Sticks to Snakes      Tmut           #.......     14%         2    ###....


Dungeon Overview and Level Annotations

Branches:
Dungeon (3/15)

Altars:


Innate Abilities, Weirdness & Mutations

You cannot wear armour.
You are incapable of wielding weapons or throwing items.
Your paws allow you to move quietly. (Stealth)
You have sharp claws.
You have razor-sharp teeth.
You have supernaturally acute eyesight. (SInv)
You are carnivorous and can eat meat at any time.
You cover ground quickly.
You are covered in fur. (AC +1)
You have a slow metabolism.
Your sharp claws are effective at attacking unaware monsters.


Message History

You scratch the adder. You headbutt the adder.
The adder is almost dead.
* * * LOW HITPOINT WARNING * * *
You feel sick. The adder closely misses you.
You scratch the adder but do no damage.
The adder is almost dead.
The adder bites you.
* * * LOW HITPOINT WARNING * * *
It was a potion of flight.
You feel very buoyant.
You fly up into the air.
Your transformation is almost over.
You die...
Your shape twists and changes as you die.
You feel sick. The adder barely misses you.
You are now level 3!
Your horns disappear.
You rejoin the land of the living...
Okay, then.
Are you sure you want to abandon this character and quit the game? (Confirm with "yes".)

.#.# #..# #..#
##..# ....# #
....# .# ##.###
###.# ##.#.##
#...# ##..#.## #@#
##>###.## #.# #.##
##.# #.# ##.###.##
#.# ###.#.## #.#
###...## #.#
...รท...# #.#
###....#
######.#########.#
##<#.#
#................#


There were no monsters in sight!

Vanquished Creatures
  2 adders
  An ooze (D:3)
  An adder skeleton (D:3)
  A dart slug (D:2)
  A leopard gecko (D:2)
  2 giant cockroaches (D:2)
  9 goblins
  3 hobgoblins
  3 jackals (D:3)
  7 kobolds
  A quokka (D:2)
  5 bats
  8 frilled lizards
  6 rats
50 creatures vanquished.

Notes
Turn   | Place    | Note
-------+----------+-------------------------------------------
     0 | D:1      | inc the Felid Transmuter began the quest for the Orb.
     0 | D:1      | Reached XP level 1. HP: 9/9 MP: 4/4
   167 | D:1      | Reached XP level 2. HP: 5/12 MP: 6/6
   319 | D:1      | You fall through a shaft!
   622 | D:3      | Reached skill level 4 in Unarmed Combat
   631 | D:3      | Learned a level 2 spell: Sticks to Snakes
   750 | D:3      | Reached XP level 3. HP: 15/15 MP: 5/7
  2308 | D:3      | Reached skill level 5 in Unarmed Combat
  2308 | D:3      | Reached XP level 4. HP: 14/19 MP: 8/8
  2582 | D:3      | Succumbed to an adder's poison
  2583 | D:3      | Reached XP level 3. HP: 0/15 MP: 7/7
  2583 | D:3      | Quit the game

Skill      XL: |  1  2  3 |
---------------+----------+-----
Unarmed Combat | 4 5 |  5.0
Fighting       | |  1.0
Dodging        | |  2.6
Spellcasting   | |  2.0
Transmutations | |  2.1

Action                   |  1- 3 |  4- 6 || total
-------------------------+-------+-------++-------
Melee: Unarmed           |   149 |    13 ||   162
       Bite              |     6 |       ||     6
       Headbutt          |     8 |     2 ||    10
       Punch             |     1 |       ||     1
 Cast: Beastly Appendage |    16 |     1 ||    17
  Use: Potion            |       |     1 ||     1
 Stab: Sleeping          |     2 |     2 ||     4
  Eat: Chunk             |     5 |     1 ||     6
Armor: Skin              |     7 |       ||     7
Dodge: Dodged            |   122 |    10 ||   132
